 Dungeon Crawl Stone Soup version 0.21-a0-538-gd16b88a (webtiles) character file.

89 tidbits the Digger (level 4, -13/32 HPs)
             Began as a Gnoll Earth Elementalist on Dec 15, 2017.
             Mangled by an ogre
             ... wielding a +0 giant club
              (23 damage)
             ... on level 2 of the Dungeon.
             The game lasted 00:04:08 (467 turns).

tidbits the Digger (Gnoll Earth Elementalist)        Turns: 467, Time: 00:04:09

Health: -13/32     AC:  6    Str: 10    XL:     4   Next: 55%
Magic:  4/11       EV: 15    Int: 19    God:
Gold:   52         SH:  0    Dex: 15    Spells: 7/13 levels left

rFire    . . .     SeeInvis .   h - +2 dagger (holy)
rCold    . . .     Gourm    .   (no shield)
rNeg     . . .     Faith    .   l - +2 animal skin
rPois    .         Spirit   .   E - +1 helmet
rElec    .         Reflect  .   (no cloak)
rCorr    .         Harm     .   (no gloves)
MR       .....                  (no boots)
Stlth    +++.......             (no amulet)
HPRegen  0.10/turn              (no ring)
MPRegen  0.12/turn              (no ring)

@: no status effects
A: distributed training, fangs 1, strong nose
a: no special abilities


You were on level 2 of the Dungeon.
You were not hungry.

You visited 1 branch of the dungeon, and saw 2 of its levels.

You collected 52 gold pieces.

Inventory:

Hand Weapons
 h - a +2 dagger of holy wrath (weapon)
   (You took it off a goblin on level 2 of the Dungeon)
 i - a +0 hunting sling
 j - a +0 lajatang
Missiles
 b - 36 stones (quivered)
Armour
 c - a +0 robe
 l - a +2 animal skin (worn)
 E - a +1 helmet (worn)
Scrolls
 a - a scroll of identify {unknown}
 g - a scroll of teleportation {unknown}
Potions
 f - a potion of haste {unknown}
Books
 e - a book of Geomancy

   Spells                             Type                      Level
   a - Sandblast                      Earth                        1
   b - Passwall                       Transmutation/Earth          2
   c - Stone Arrow                    Conjuration/Earth            3
   d - Petrify                        Transmutation/Earth          4
   e - Lee's Rapid Deconstruction     Earth                        5
Comestibles
 d - 3 bread rations
 k - a royal jelly


   Skills:
 + Level 1.1 Fighting
 + Level 1.1 Short Blades
 + Level 1.1 Long Blades
 + Level 1.1 Axes
 + Level 1.1 Maces & Flails
 + Level 1.1 Polearms
 + Level 1.1 Staves
 + Level 1.1 Slings
 + Level 1.1 Bows
 + Level 1.1 Crossbows
 + Level 1.1 Throwing
 + Level 1.1 Armour
 + Level 4.6 Dodging
 + Level 4.2 Stealth
 + Level 1.1 Shields
 + Level 1.1 Unarmed Combat
 + Level 5.1 Spellcasting
 + Level 0.9 Conjurations
 + Level 0.9 Hexes
 + Level 0.9 Charms
 + Level 0.9 Summonings
 + Level 0.9 Necromancy
 + Level 0.9 Translocations
 + Level 2.2 Transmutations
 + Level 0.9 Fire Magic
 + Level 0.9 Ice Magic
 + Level 0.9 Air Magic
 + Level 5.4 Earth Magic
 + Level 0.9 Poison Magic
 + Level 1.2 Invocations
 + Level 1.1 Evocations


You had 7 spell levels left.
You knew the following spells:

 Your Spells              Type           Power        Failure   Level  Hunger
a - Sandblast             Erth           ####..       1%          1    None
t - Stone Arrow           Conj/Erth      ###...       10%         3    ##.....
w - Passwall              Tmut/Erth      ###.......   3%          2    #......


Dungeon Overview and Level Annotations

Branches:
Dungeon (2/15)

Altars:
Ashenzari
Gozag
Kikubaaqudgha
Nemelex Xobeh
Yredelemnul
Zin

Annotations:
D:2 1 runed door


Innate Abilities, Weirdness & Mutations

Your experience applies equally to all skills.
You have very sharp teeth.
Your uncanny sense of smell can sniff out nearby items.


Message History

You kill the goblin!
The hobgoblin no longer looks unusually strong.
You hit the goblin.
You kill the goblin!
Casting: Sandblast
Confirm with . or Enter, or press ? or * to list all spells.
Aiming: Sandblast
Press: ? - help, Shift-Dir - straight line, f - goblin
Aim: a goblin, wielding a dagger (unusually strong)
The blast of sand hits the hobgoblin.
You kill the hobgoblin!
b - 17 stones The goblin no longer looks unusually strong.
A kobold comes into view. It is wielding a dagger.
The kobold shouts!
You hit the goblin.
You kill the goblin!
You hit the goblin.
The goblin is severely wounded.
The goblin hits you with a dagger.
* * * LOW HITPOINT WARNING * * *
Casting: Sandblast
Confirm with . or Enter, or press ? or * to list all spells.
Aiming: Sandblast
Press: ? - help, Shift-Dir - straight line, f - goblin
Aim: a goblin, wielding a dagger (severely wounded)
The blast of sand hits the goblin.
You kill the goblin!
b - 16 stones A giant cockroach comes into view.
Items here: )))))))) †††††††
Casting: Sandblast
Confirm with . or Enter, or press ? or * to list all spells.
Aiming: Sandblast
Press: ? - help, Shift-Dir - straight line, f - kobold
Aim: a kobold, wielding a dagger The blast of sand hits the kobold.
You kill the kobold!
b - 15 stones
Casting: Sandblast
Confirm with . or Enter, or press ? or * to list all spells.
Aiming: Sandblast
Press: ? - help, Shift-Dir - straight line, f - goblin
Aim: a goblin, wielding a dagger The blast of sand hits the goblin.
You kill the goblin!
b - 14 stones
Okay, then.
You see here 5 stones.
b - 19 stones (gained 5)
Casting: Sandblast
Confirm with . or Enter, or press ? or * to list all spells.
Aiming: Sandblast
Press: ? - help, Shift-Dir - straight line, f - giant cockroach
Aim: a giant cockroach The blast of sand hits the giant cockroach.
The giant cockroach is severely wounded.
b - 18 stones
Casting: Sandblast
Confirm with . or Enter, or press ? or * to list all spells.
Aiming: Sandblast
Press: ? - help, Shift-Dir - straight line, f/p - giant cockroach
Aim: a giant cockroach (severely wounded, clinging)
The blast of sand hits the giant cockroach.
You kill the giant cockroach!
b - 17 stones
Items here: )))))))) †††††††
b - 35 stones (gained 18)
Things that are here:
a hunting sling; a giant cockroach corpse You see here a dagger.
Items here: )) [[ a dagger; a spear; a runed animal skin; a runed helmet
l - a runed animal skin;
m - a runed helmet Wear which item? (? for menu, Esc to quit)
You start removing your armour.
You continue taking off your +0 robe. x4
You finish taking off your +0 robe.
You start putting on your armour.
You continue putting on your runed animal skin. x5
You finish putting on your +2 animal skin.
Wear which item? (? for menu, Esc to quit)
You start putting on your armour.
You continue putting on your runed helmet. x4
You finish putting on your +1 helmet.
Adjust (i)tems, (s)pells, or (a)bilities?
Adjust which item? (? for menu, Esc to quit)
m - a +1 helmet (worn)
Adjust to which letter? (? for menu, Esc to quit)
E - a +1 helmet (worn)
b - 36 stones (gained 1)
You open the door. You open the door.
A hobgoblin and an ogre come into view.
The hobgoblin shouts!
The ogre shouts!
The hobgoblin moves out of view.
You hit the ogre.
The ogre is lightly wounded.
The ogre hits you with a giant club!!
Ouch! That really hurt!
You die...

.................#
#.###
.#........#####.##
..r. #........'......
#.. #........######.
#. #..
.#........###### #.#
#.. #................
..# #..
#.#######....#####.
#(# #.. #....+ ...#.#
#.. #.@..# #.##.# ###
#O#### #.##.###.. ...
#..#...#.# #...
#........# ∆ +...
#.._..._.#
##.....######.........
#.
#............)_..⌠.._.
#.
#.#########...........
#.
#....######.#........#


You could see an ogre.

Vanquished Creatures
  Robin (D:2)
  4 adders (D:2)
  A leopard gecko (D:2)
  3 giant cockroaches
  12 goblins (D:2)
  2 hobgoblins (D:2)
  5 jackals (D:1)
  3 bats
  3 frilled lizards
  3 kobolds
  4 rats
41 creatures vanquished.

Notes
Turn   | Place    | Note
-------+----------+-------------------------------------------
     0 | D:1      | tidbits the Gnoll Earth Elementalist began the quest for the Orb.
     0 | D:1      | Reached XP level 1. HP: 13/13 MP: 6/6
    57 | D:1      | Reached skill level 2 in Transmutations
    80 | D:1      | Reached XP level 2. HP: 19/19 MP: 1/7
   232 | D:2      | Reached XP level 3. HP: 25/25 MP: 1/9
   240 | D:2      | Reached skill level 5 in Spellcasting
   242 | D:2      | Found an opulent altar of Gozag.
   245 | D:2      | Found an ancient bone altar of Kikubaaqudgha.
   245 | D:2      | Found a shattered altar of Ashenzari.
   245 | D:2      | Found a sparkling altar of Nemelex Xobeh.
   258 | D:2      | Found a glowing silver altar of Zin.
   272 | D:2      | Reached skill level 1 in Invocations
   299 | D:2      | Learned a level 2 spell: Passwall
   303 | D:2      | Learned a level 3 spell: Stone Arrow
   351 | D:2      | Found a runed door.
   351 | D:2      | Noticed a human
   352 | D:2      | Found a basalt altar of Yredelemnul.
   385 | D:2      | Reached skill level 1 in Fighting
   385 | D:2      | Reached skill level 1 in Short Blades
   385 | D:2      | Reached skill level 1 in Long Blades
   385 | D:2      | Reached skill level 1 in Axes
   385 | D:2      | Reached skill level 1 in Maces & Flails
   385 | D:2      | Reached skill level 1 in Polearms
   385 | D:2      | Reached skill level 1 in Staves
   385 | D:2      | Reached skill level 1 in Slings
   385 | D:2      | Reached skill level 1 in Bows
   385 | D:2      | Reached skill level 1 in Crossbows
   385 | D:2      | Reached skill level 1 in Throwing
   385 | D:2      | Reached skill level 1 in Armour
   385 | D:2      | Reached skill level 1 in Shields
   385 | D:2      | Reached skill level 1 in Unarmed Combat
   385 | D:2      | Reached skill level 1 in Evocations
   395 | D:2      | Noticed Robin
   403 | D:2      | Reached XP level 4. HP: 29/32 MP: 9/11
   418 | D:2      | Killed Robin
   466 | D:2      | Noticed an ogre
   467 | D:2      | Mangled by an ogre

Vault maps used:
D:1:      denvon_arrival_planthouse
D:2:      grunt_temple_overflow_open, first_bread, minmay_misc_feat_x,
          dk_yredelemnul_ordeal, uniq_robin

Skill      XL: |  1  2  3 |
---------------+----------+-----
Transmutations | 2 |  2.2
Spellcasting   | 5 |  5.1
Invocations    | 1 |  1.2
Fighting       | 1 |  1.1
Short Blades   | 1 |  1.1
Long Blades    | 1 |  1.1
Axes           | 1 |  1.1
Maces & Flails | 1 |  1.1
Polearms       | 1 |  1.1
Staves         | 1 |  1.1
Slings         | 1 |  1.1
Bows           | 1 |  1.1
Crossbows      | 1 |  1.1
Throwing       | 1 |  1.1
Armour         | 1 |  1.1
Shields        | 1 |  1.1
Unarmed Combat | 1 |  1.1
Evocations     | 1 |  1.1
Dodging        | |  4.6
Stealth        | |  4.2
Conjurations   | |  0.9
Hexes          | |  0.9
Charms         | |  0.9
Summonings     | |  0.9
Necromancy     | |  0.9
Translocations | |  0.9
Fire Magic     | |  0.9
Ice Magic      | |  0.9
Air Magic      | |  0.9
Earth Magic    | |  5.4
Poison Magic   | |  0.9

Action                   |  1- 3 |  4- 6 || total
-------------------------+-------+-------++-------
Melee: Unarmed           |     2 |       ||     2
       Dagger            |    21 |    16 ||    37
       Bite              |     1 |     2 ||     3
 Cast: Sandblast         |    29 |    13 ||    42
       Passwall          |     3 |       ||     3
 Stab: Sleeping          |     2 |       ||     2
Armor: Robe              |     6 |       ||     6
Dodge: Dodged            |    24 |    12 ||    36

Table legend:
 A = Spawn XP
 B = Non-spawn XP
 C = Spawn XP percentage of total XP
 D = Spawn monster count
 E = Non-spawn monster count
 F = Spawn count percentage of total count
 G = Total turns spent on level
                    A         B        C        D         E        F      G
               +---------+---------+-------+---------+---------+-------+---------
         Total |       0 |     128 |   0.0 |       0 |      41 |   0.0 |   467
               +---------+---------+-------+---------+---------+-------+---------
           D:1 |       0 |      17 |   0.0 |       0 |      11 |   0.0 |   180
           D:2 |       0 |     111 |   0.0 |       0 |      30 |   0.0 |   287
               +---------+---------+-------+---------+---------+-------+---------

Table legend:
 A = Turns spent in this place as a percentage of turns spent in the entire game.
 B = Non-inter-level travel turns spent in this place as a percentage of non-inter-level travel turns spent in the entire game.
 C = Inter-level travel turns spent in this place as a percentage of turns spent in this place.
 D = Turns resting spent in this place as a percentage of non-inter-level travel turns spent in this place.
 E = Turns spent auto-exploring this place as a percentage of non-inter-level travel turns spent in this place.
 F = Non-inter-level travel turns spent in this place divided by the number of levels of this place that you've seen.
                   A       B       C       D       E      F
               +-------+-------+-------+-------+-------+----------------------
         Total | 100.0 | 100.0 |   0.0 |   0.0 |   0.0 | 233.5
       Dungeon | 100.0 | 100.0 |   0.0 |   0.0 |   0.0 | 233.5
               +-------+-------+-------+-------+-------+----------------------

Table legend:
 A = Kills in this place as a percentage of kills in entire the game.
 B = Kills by you in this place as a percentage of kills by you in the entire game.
 C = Kills by friends in this place as a percentage of kills by friends in the entire game.
 D = Other kills in this place as a percentage of other kills in the entire game.
 E = Experience gained in this place as a percentage of experience gained in the entire game.
 F = Experience gained in this place divided by the number of levels of this place that you have seen.
                   A       B       C       D       E      F
               +-------+-------+-------+-------+-------+----------------------
         Total | 100.0 | 100.0 |   N/A |   N/A | 100.0 |  64.0
       Dungeon | 100.0 | 100.0 |   N/A |   N/A | 100.0 |  64.0
               +-------+-------+-------+-------+-------+----------------------

Vault maps used:
D:1:      denvon_arrival_planthouse
D:2:      grunt_temple_overflow_open, first_bread, minmay_misc_feat_x,
          dk_yredelemnul_ordeal, uniq_robin
